 Dungeon Crawl Stone Soup version 0.29-a0-789-g7a8fcbc185 (webtiles) character file.

Game seed: 10098298203235706899

40866 soberaf the Destroyer (level 13, -2/96 HPs)
             Began as a Green Draconian Conjurer on July 2, 2022.
             Was the Champion of the Shining One.
             Slain by a minotaur
             ... wielding a +1 vorpal hand axe
              (7 damage)
             ... in a Gauntlet.
             The game lasted 01:25:25 (27105 turns).

soberaf the Destroyer (Green Draconian Conjurer)   Turns: 27105, Time: 01:25:27

Health: -2/96      AC: 15    Str:  9    XL:     13   Next: 76%
Magic:  16/31      EV: 14    Int: 26    God:    the Shining One [******]
Gold:   1106       SH: 10    Dex: 12    Spells: 18/40 levels left

rFire   . . .      SeeInvis .   E - +5 trident (freeze)
rCold   . . .      Faith    .   d - +0 buckler
rNeg    + + +      Spirit   .   (body armour unavailable)
rPois   +          Reflect  +   c - +2 hat {Will+}
rElec   .          Harm     .   l - +2 cloak
rCorr   .          Rampage  .   D - +0 pair of gloves
Will    ++...      NoTele   +   K - +0 pair of boots
Stlth   +.........              U - amulet of reflection
HPRegen 0.26/turn               X - ring of Vampiric Thralls {rN+ Int+4}
MPRegen 0.22/turn               V - ring of willpower

@: glowing
A: breathe noxious fumes, AC +8, unfitting armour, poison resistance,
cold-blooded
a: Breathe Noxious Fumes, Renounce Religion, Divine Shield, Cleansing Flame,
Summon Divine Warrior, Brand Weapon With Holy Wrath


You were in a Gauntlet.
You worshipped the Shining One.
The Shining One was exalted by your worship.
You visited 3 branches of the dungeon, and saw 20 of its levels.
You also visited: Sewer and Gauntlet.

You collected 1106 gold pieces.

Inventory:

Hand Weapons
 E - a +5 trident of freezing (weapon)
 W - the +12 lajatang of the Apocalypse {vorpal, rF+ Str+7 Int+2}
   (You found it in a Gauntlet)

   It inflicts extra damage upon your enemies.
   Str:       It affects your strength (+7).
   Int:       It affects your intelligence (+2).
   rF:        It protects you from fire.
Missiles
 y - 6 atropa-tipped darts
 C - 9 curare-tipped darts
Armour
 c - a +2 hat of willpower (worn)
 d - a +0 buckler (worn)
 l - a +2 cloak (worn)
 D - a +0 pair of gloves (worn)
 K - a +0 pair of boots (worn)
Magical Staves
 S - a staff of poison
Jewellery
 e - a +6 ring of dexterity
 k - a ring of flight
 I - a ring of protection from cold
 J - a +6 ring of dexterity
 U - an amulet of reflection (around neck)
 V - a ring of willpower (right hand)
 X - the ring of Vampiric Thralls (left hand) {rN+ Int+4}
   (You found it in a Gauntlet)

   [ring of positive energy]

   Int:       It affects your intelligence (+4).
   rN:        It protects you from negative energy.
Wands
 j - a wand of iceblast (9)
 o - a wand of digging (8)
 w - a wand of mindburst (23)
 B - a wand of charming (13)
 Q - a wand of quicksilver (5)
 R - a wand of flame (10)
 T - a wand of polymorph (2)
Scrolls
 b - 7 scrolls of poison
 g - 3 scrolls of blinking
 h - 5 scrolls of fog
 m - 6 scrolls of enchant weapon
 q - 9 scrolls of teleportation
 t - 3 scrolls of fear
 F - a scroll of brand weapon
 H - 4 scrolls of magic mapping
 L - 2 scrolls of amnesia
 M - 5 scrolls of identify
 N - a scroll of silence
 O - 2 scrolls of immolation
Potions
 a - 3 potions of magic
 f - 6 potions of curing
 i - 4 potions of heal wounds
 n - 3 potions of brilliance
 p - 8 potions of mutation
 r - 6 potions of flight
 s - a potion of cancellation
 u - 4 potions of attraction
 v - 4 potions of haste
 x - 3 potions of might
 z - a potion of resistance
 A - a potion of berserk rage
 G - 2 potions of lignification
 P - 2 potions of ambrosia


   Skills:
 + Level 3.8 Fighting
 + Level 0.5 Short Blades
 + Level 0.6 Maces & Flails
 + Level 0.3 Polearms
 + Level 7.9 Dodging
 + Level 5.3 Stealth
 + Level 5.0 Shields
 + Level 14.4 Spellcasting
 + Level 14.5 Conjurations
 + Level 2.2 Hexes
 + Level 1.8 Evocations


You had 18 spell levels left.
You knew the following spells:

 Your Spells              Type           Power      Damage    Failure   Level
a - Magic Dart            Conj           100%       1d8       0%          1
b - Searing Ray           Conj           100%       2d8       0%          2
c - Orb of Destruction    Conj           38%        9d11      8%          7
d - Iskenderun's Battles  Conj           76%        2d12      1%          5
e - Fulminant Prism       Conj/Hex       29%        3d14      1%          4
f - Dazzling Flash        Conj/Hex       100%       N/A       1%          3

Your spell library contained the following spells:

 Spells                   Type           Power      Damage    Failure   Level
 Hailstorm                Conj/Ice       54%        3d12      1%          4
 Iskenderun's Mystic Bla  Conj/Tloc      54%        2d12      1%          4
 Apportation              Tloc           36%        N/A       3%          1
 Summon Small Mammal      Summ           72%        N/A       3%          1
 Fireball                 Conj/Fire      27%        3d12      5%          5
 Portal Projectile        Hex/Tloc       48%        N/A       7%          3
 Summon Guardian Golem    Hex/Summ       24%        N/A       7%          3
 Call Canine Familiar     Summ           18%        N/A       11%         3
 Leda's Liquefaction      Hex/Erth       12%        N/A       24%         4
 Conjure Ball Lightning   Conj/Air       27%        3x3d8     28%         6
 Ice Form                 Ice/Tmut       18%        N/A       36%         4
 Olgreb's Toxic Radiance  Pois           18%        N/A       36%         4
 Alistair's Intoxication  Tmut/Pois      12%        N/A       71%         5
 Simulacrum               Ice/Necr       9%         N/A       99%         6
 Ozocubu's Refrigeration  Ice            9%         4d6       100%        7
 Ignition                 Fire           9%         3d5       100%        8


Dungeon Overview and Level Annotations

Branches:
Dungeon (13/15)            Temple (1/1) D:5            Lair (6/6) D:8
  Swamp (0/4) Lair:3       Spider (0/4) Lair:2        Slime (0/5) Lair:5
    Orc (0/2) D:12          Sewer (visited)         Gauntlet (1/1)
 Vaults: D:13-14

Altars:
Ashenzari
Cheibriados
Dithmenos
Elyvilon
Fedhas
Gozag
Hepliaklqana
Kikubaaqudgha
Makhleb
Nemelex Xobeh
Okawaru
Qazlal
Ru
Sif Muna
Trog
Uskayaw
Vehumet
Wu Jian
Xom
Yredelemnul
Zin
The Shining One
Jiyva
Lugonu

Annotations:
Lair:6 1 exclusion Gauntlet 6 transporters, 2 runed translucent doors, exclusion: ice statue


Innate Abilities, Weirdness & Mutations

You can breathe blasts of noxious fumes.
Your lurid green scales are hard. (AC +8)
You cannot fit into any form of body armour.
Your system is resistant to poisons. (rPois)
You are cold-blooded and may be slowed by cold attacks.


Message History

The barrage of energy hits the minotaur but does no damage.
The minotaur is heavily wounded.
The minotaur hits you with a +1 vorpal hand axe!
You block the minotaur's attack.
The searing ray hits the minotaur but does no damage.
The minotaur is heavily wounded.
Your battlesphere fires!
The barrage of energy hits the minotaur but does no damage.
The minotaur is heavily wounded.
The minotaur hits you with a +1 vorpal hand axe!
The minotaur gores you but does no damage.
The searing ray hits the minotaur.
The minotaur is heavily wounded.
Your battlesphere fires!
The barrage of energy hits the minotaur!
The minotaur is severely wounded.
The minotaur closely misses you.
The minotaur gores you but does no damage.
The searing ray hits the minotaur but does no damage.
The minotaur is severely wounded.
You finish channelling your searing ray.
Your battlesphere fires!
The barrage of energy hits the minotaur!
The minotaur is almost dead.
The minotaur hits you but does no damage.
The minotaur gores you but does no damage.
Casting: Searing Ray (safe; 0% risk of failure)
Confirm with . or Enter, or press ? or * to list all spells.
Aiming: Searing Ray (safe; 0% risk of failure)
Press: ? - help, Shift-Dir - straight line, f/p - minotaur
Aim: a minotaur, wielding a +1 vorpal hand axe, wearing a +0 plate armour and quivering silver javelins (severely wounded, ally target, haloed, 94% to hit)
The searing ray hits the minotaur.
The minotaur is almost dead. (Press . to maintain the ray.)
Your battlesphere fires!
The barrage of energy hits the minotaur but does no damage.
The minotaur is almost dead.
The minotaur hits you with a +1 vorpal hand axe!!
* * * LOW HITPOINT WARNING * * *
You die...

#####≈..#.##
#######..###..#.#.
#....##..##≈..#.##
#.##.##..###..##.#
#.##.....##≈..###.
#.##.##..###..#©## # #
#*...##....#..##..
#≈≈.#.#.##.##...©#..####
#≈∩...H@##.......#......
#≈≈.#.#.##.##....#.∩....
# # #....##...©#..####
#.##.##....#..#zzz
#.##.....###..#z##
#.##.##..##§..#z##
#....##..###..#©##
#######..##≈..#)..
######..#$.z


You could see a minotaur (ally target) and a friendly battlesphere.

Vanquished Creatures
  A green death (Gauntlet)
  7 hydras
  3 two-headed ogres
  4 death yaks (Lair:5)
  Nergalle (D:10)
  A sixfirhy (Gauntlet)
  2 lindwurms (Lair:5)
  A phantasmal warrior (D:12)
  A manticore (D:12)
  An ugly thing (D:12)
  A cyclops (D:11)
  3 black mambas
  An eye of devastation (Lair:5)
  4 gargoyles (D:8)
  10 cane toads
  3 rime drakes
  3 kobold demonologists (D:11)
  14 komodo dragons
  4 trolls
  A polar bear (Lair:3)
  5 blink frogs (Lair:2)
  3 hornets (Gauntlet)
  5 dream sheep (Lair:5)
  3 shadows
  2 wraiths
  35 yaks
  Grum (D:9)
  4 basilisks
  A steam dragon (D:9)
  6 vampire mosquitoes (D:11)
  3 acid dragons
  A floating eye (Lair:5)
  12 water moccasins
  2 black bears
  4 orc warriors
  An ice beast (D:6)
  2 sky beasts (D:7)
  12 wolves
  An ogre (D:4)
  2 centaurs
  3 phantoms
  6 bullfrogs
  5 kobold brigands
  A gnoll sergeant (D:9)
  A necrophage (D:6)
  A scorpion (D:5)
  5 wights (D:8)
  3 troll zombies (D:12)
  5 killer bees (D:9)
  A howler monkey (D:6)
  7 orc priests
  13 hounds
  2 jellies
  Jessica (D:2)
  2 iguanas (D:6)
  Natasha (thrice) (D:3)
  8 orc wizards
  11 hell rats
  2 ogre zombies (D:12)
  Robin (D:3)
  17 gnolls
  12 adders
  4 river rats (Sewer)
  A shadow imp (D:5)
  A white imp (D:7)
  3 ufetubi (Gauntlet)
  4 worms
  A dart slug (D:2)
  32 orcs
  7 endoplasms
  5 giant cockroaches
  18 goblins
  9 hobgoblins
  9 jackals
  5 quokkas
  11 ball pythons
  9 bats
  6 frilled lizards
  2 goblin zombies (D:12)
  4 hobgoblin zombies (D:12)
  16 kobolds
  2 orc skeletons (D:12)
  11 orc zombies (D:12)
  4 rats
445 creatures vanquished.

Vanquished Creatures (others)
  A bush (Lair:6)
  A demonic plant (D:11)
  10 fulminant prisms
  35 fungi
  52 plants
99 creatures vanquished.

Grand Total: 544 creatures vanquished

Notes
Turn   | Place    | Note
-------+----------+-------------------------------------------
     0 | D:1      | soberaf the Draconian Conjurer began the quest for the Orb.
     0 | D:1      | Reached XP level 1. HP: 14/14 MP: 3/3
   143 | D:1      | Found a faded altar of an unknown god.
   171 | D:1      | Prayed at the altar of an unknown god.
   171 | D:1      | Became a worshipper of the Shining One
   171 | D:1      | Reached * piety under the Shining One
   556 | D:1      | Reached XP level 2. HP: 20/20 MP: 0/5
  1258 | D:2      | Noticed Jessica
  1430 | D:2      | Reached XP level 3. HP: 26/26 MP: 2/6
  1523 | D:3      | Noticed Natasha
  1776 | D:2      | Killed Jessica
  1785 | D:2      | Learned a level 2 spell: Searing Ray
  1789 | D:2      | Learned a level 3 spell: Dazzling Flash
  1867 | D:2      | Reached XP level 4. HP: 33/33 MP: 5/7
  2939 | D:3      | Reached ** piety under the Shining One
  2946 | D:3      | Reached XP level 5. HP: 23/38 MP: 1/9
  3180 | D:3      | Reached skill level 5 in Conjurations
  3238 | D:3      | Noticed Robin
  3245 | D:3      | Killed Robin
  3344 | D:3      | Killed Natasha
  3432 | D:3      | Noticed Natasha
  3435 | D:3      | Killed Natasha
  3440 | D:3      | Noticed Natasha
  3444 | D:3      | Killed Natasha
  3445 | D:3      | Reached XP level 6. HP: 39/45 MP: 3/12
  3452 | D:3      | Learned a level 4 spell: Fulminant Prism
  3604 | D:3      | Found a bloodstained altar of Trog.
  3969 | D:4      | Found a glowing silver altar of Zin.
  3969 | D:4      | Found a shimmering blue altar of Sif Muna.
  3969 | D:4      | Found a hazy altar of Hepliaklqana.
  3969 | D:4      | Found a shadowy altar of Dithmenos.
  4977 | D:4      | Your scales start taking on a lurid green colour.
  4977 | D:4      | Reached XP level 7. HP: 50/50 MP: 7/14
  4977 | D:4      | Gained mutation: Your system is resistant to poisons.
                  | (rPois) [Green Draconian growth]
  5268 | D:5      | Entered Level 5 of the Dungeon
  5273 | D:5      | Reached skill level 5 in Spellcasting
  5477 | D:5      | Found a staircase to the Ecumenical Temple.
  5610 | Temple   | Entered the Ecumenical Temple
  6085 | D:5      | Noticed a two-headed ogre
  6092 | D:5      | Killed a two-headed ogre
  6093 | D:5      | Reached skill level 1 in Hexes
  6093 | D:5      | Reached XP level 8. HP: 57/57 MP: 9/17
  6823 | D:6      | Noticed a two-headed ogre
  6833 | D:6      | Killed a two-headed ogre
  6834 | D:6      | Reached skill level 1 in Evocations
  6834 | D:6      | Reached XP level 9. HP: 53/62 MP: 8/20
  7102 | D:6      | Found a glowing drain.
  7121 | Sewer    | Entered a sewer
  8313 | D:7      | Reached *** piety under the Shining One
  8433 | D:7      | Reached skill level 1 in Shields
  8691 | D:7      | Found a stormy altar of Qazlal.
  8730 | D:7      | Noticed a two-headed ogre
  9319 | D:7      | Found a glowing golden altar of the Shining One.
  9758 | D:8      | Found a staircase to the Lair.
  9759 | D:8      | Noticed a komodo dragon
  9915 | D:8      | Killed a komodo dragon
 10018 | D:8      | Learned a level 5 spell: Iskenderun's Battlesphere
 10642 | D:8      | Noticed a gargoyle
 10659 | D:8      | Noticed a gargoyle
 10670 | D:8      | Killed a gargoyle
 10805 | D:8      | Noticed a gargoyle
 10819 | D:8      | Killed a gargoyle
 10820 | D:8      | Reached XP level 10. HP: 26/70 MP: 1/22
 11046 | D:8      | Noticed a gargoyle
 11052 | D:8      | Killed a gargoyle
 11235 | D:8      | Killed a gargoyle
 12351 | D:9      | Reached skill level 10 in Conjurations
 12506 | D:8      | Reached skill level 5 in Stealth
 12621 | D:8      | Reached skill level 1 in Fighting
 12728 | D:9      | Reached skill level 10 in Spellcasting
 13156 | D:9      | Noticed Grum
 13163 | D:9      | Killed Grum
 13308 | D:10     | Entered Level 10 of the Dungeon
 13335 | D:10     | Reached skill level 5 in Dodging
 13790 | D:10     | Reached XP level 11. HP: 78/78 MP: 16/25
 13934 | D:10     | Noticed Nergalle
 14493 | D:10     | Killed Nergalle
 14829 | D:11     | Noticed a two-headed ogre
 14906 | Lair:1   | Entered Level 1 of the Lair of Beasts
 15727 | Lair:2   | Reached **** piety under the Shining One
 15997 | Lair:2   | Found a hole to the Spider Nest.
 16499 | Lair:2   | Noticed a four-headed hydra
 16793 | Lair:2   | Killed a four-headed hydra
 18141 | Lair:3   | Reached XP level 12. HP: 86/86 MP: 17/27
 18296 | Lair:3   | Found a staircase to the Swamp.
 18441 | Lair:4   | Noticed an eight-headed hydra
 18447 | Lair:4   | Killed an eight-headed hydra
 18970 | Lair:4   | Noticed a six-headed hydra
 18976 | Lair:4   | Killed a six-headed hydra
 20322 | Lair:5   | Found a viscous altar of Jiyva.
 20322 | Lair:5   | Found a staircase to the Slime Pits.
 20368 | Lair:5   | Reached ***** piety under the Shining One
 20545 | Lair:5   | Noticed a four-headed hydra
 20568 | Lair:5   | Killed a four-headed hydra
 20832 | Lair:5   | Noticed a death yak
 21409 | Lair:5   | Noticed a death yak
 21409 | Lair:5   | Noticed a death yak
 21409 | Lair:5   | Noticed a death yak
 21431 | Lair:5   | Killed a death yak
 21681 | Lair:5   | Killed a death yak
 21691 | Lair:5   | Killed a death yak
 22007 | Lair:5   | Killed a death yak
 22137 | Lair:6   | Entered Level 6 of the Lair of Beasts
 22176 | Lair:6   | Noticed a six-headed hydra
 22263 | Lair:5   | Reached XP level 13. HP: 94/94 MP: 23/30
 24355 | D:11     | Learned a level 7 spell: Orb of Destruction
 24617 | D:11     | Found a corrupted altar of Lugonu.
 25066 | D:12     | Found a staircase to the Orcish Mines.
 25071 | D:12     | Reached ****** piety under the Shining One
 25787 | D:12     | Identified the +3 scale mail of Negligence {Harm rPois
                  | Will++}
 26328 | D:13     | Found a gate leading to a gauntlet.
 26345 | Gauntlet | Entered a Gauntlet
 26345 | Gauntlet | Found a transporter.
 26345 | Gauntlet | Found a transporter.
 26345 | Gauntlet | Found a transporter.
 26367 | Gauntlet | Found a transporter.
 26377 | Gauntlet | Found a transporter.
 26380 | Gauntlet | Found a transporter.
 26400 | Gauntlet | Found a transporter.
 26410 | Gauntlet | Found a transporter.
 26413 | Gauntlet | Noticed a green death
 26420 | Gauntlet | Found a transporter.
 26423 | Gauntlet | Found a transporter.
 26427 | Gauntlet | Found a runed translucent door.
 26427 | Gauntlet | Found a runed translucent door.
 26431 | Gauntlet | Found a transporter.
 26434 | Gauntlet | Found a transporter.
 26895 | Gauntlet | Identified the +12 lajatang of the Apocalypse {vorpal, rF+
                  | Str+7 Int+2}
 27003 | Gauntlet | Killed a green death
 27004 | Gauntlet | Reached skill level 5 in Shields
 27010 | Gauntlet | Identified the ring of Vampiric Thralls {rN+ Int+4}
 27096 | Gauntlet | Noticed a minotaur
 27105 | Gauntlet | Slain by a minotaur

Illustrated notes

Levels and vault maps discovered:
D:1:      lemuel_arrival_funnel, layout_basic, nicolae_ecumenical_snake_handling
D:2:      layout_loops_cross, minmay_pentomino_s4, uniq_jessica
D:3:      layout_basic, trog_hazing_becter, uniq_natasha, uniq_robin
D:4:      layout_loops_corners, chequers_temple_overflow_statue_of_worship,
          kennysheep_generic_room_3
D:5:      layout_loops_corners, temple_hall
D:6:      layout_cave_pools, cheibrodos_sewer_entry_bend
D:7:      layout_loops_corners, kennysheep_little_box, grunt_qazlal_sundering,
          hangedman_decor_growths
D:8:      cheibrodos_statue_roulette, layout_cave_pools, david_lair_shrubbed
D:9:      layout_cave_pools, serial_gnoll_camp, grums_kennel,
          gnoll_camp_mini_doghouse, gnoll_camp_mini_loothouse,
          gnoll_camp_mini_doghouse, serial_bayou_pond_d
D:10:     layout_cave_pools, minmay_starry_boxes, uniq_nergalle
D:11:     kennysheep_kobold_lugonu_temple, layout_rooms
D:12:     layout_roguey, zombieorc1_lemuel, serial_corexii_hall,
          corexii_hall_statues_i, corexii_hall_statues_l,
          corexii_hall_statues_l, corexii_hall_statues_u
D:13:     layout_loops_ring, gauntlet_entry_generic, corexii_hall_statues_x,
          uniq_josephine
Temple:   bh_familiar_temple
Lair:1:   hellmonk_ruined_rings, layout_misc_corridors, lemuel_fruit_tree
Lair:2:   layout_regular_city, spider_nest_entry_web_field, st_stairs_12,
          serial_bayou_shore_b
Lair:3:   layout_small_grid, swamp_mist, beast_lair_carwin_5, grunt_megastairs_4
Lair:4:   layout_cave_pods, hangedman_lair_unloving_vines, hibernation_bobbens
Lair:5:   layout_long_grid, minmay_slime_entry_eyes, nicolae_lair_lindhole,
          infiniplex_staircase_pool, lemuel_fruit_fields
Lair:6:   cheibrodos_lair_end_hotspot, layout_misc_corridors,
          grunt_forest_small_clearings
Gauntlet: minmay_gauntlet_mixed_big_or_small [gammafunk_gauntlet_arena_hedges,
          minmay_gauntlet_arena_77_tiled_triplets,
          gammafunk_gauntlet_arena_grid, minmay_gauntlet_arena_77_shame_cube,
          gammafunk_gauntlet_arena_spirals,
          minmay_gauntlet_arena_77_block_sizes, gauntlet_exit_watery]

Skill      XL: |  1  2  3  4  5  6  7  8  9 10 11 12 13 |
---------------+----------------------------------------+-----
Stealth        | 2 3 4 5 |  5.3
Dodging        | 2 3 4 5 6 7 |  7.9
Spellcasting   | 3 4 6 7 8 10 11 13 14 | 14.4
Conjurations   | 5 7 8 9 10 11 13 14 | 14.5
Hexes          | 1 2 |  2.2
Evocations     | 1 |  1.8
Shields        | 1 2 3 4 5 |  5.0
Fighting       | 1 2 3 |  3.8
Short Blades   | |  0.5
Maces & Flails | |  0.6
Polearms       | |  0.3

Action                   |  1- 3 |  4- 6 |  7- 9 | 10-12 | 13-15 || total
-------------------------+-------+-------+-------+-------+-------++-------
Melee: Unarmed           |    10 |       |       |       |       ||    10
       Tailslap          |     7 |     1 |       |     1 |       ||     9
       Dagger            |    23 |       |       |       |       ||    23
       Falchion          |       |     2 |       |       |       ||     2
       Club              |       |     1 |     8 |       |       ||     9
       Trident           |       |       |       |     3 |       ||     3
 Cast: Magic Dart        |    65 |   116 |   155 |   244 |   117 ||   697
       Searing Ray       |       |     8 |    31 |   157 |    64 ||   260
       Dazzling Flash    |       |     3 |       |       |       ||     3
       Iskenderun's Batt |       |       |     7 |    39 |    35 ||    81
       Fulminant Prism   |       |       |     2 |     5 |     3 ||    10
       Orb of Destructio |       |       |       |       |     1 ||     1
Invok: Divine Shield     |     1 |       |       |       |       ||     1
 Abil: Breathe Noxious F |       |       |     2 |     2 |       ||     4
Evoke: Wand              |       |       |    10 |       |       ||    10
  Use: Scroll            |     3 |     4 |    16 |     6 |       ||    29
       Potion            |       |       |       |     1 |       ||     1
Armor: Skin              |     9 |    18 |     8 |    70 |    42 ||   147
Dodge: Dodged            |    24 |    18 |    56 |   209 |    96 ||   403
Block: Buckler           |     4 |     1 |    20 |    65 |    69 ||   159

Table legend: (Time is in decaauts)
 A = Elapsed time spent in this place.
 B = Non-inter-level travel time spent in this place.
 C = Inter-level travel time spent in this place.
 D = Time resting spent in this place.
 E = Time spent auto-exploring this place.
 F = Levels seen in this place.
 G = Mean time per level.
                   A        B        C        D        E       F      G
               +--------+--------+--------+--------+--------+-----+--------+
         Total |  27310 |  25902 |   1408 |   5621 |  14576 |  22 | 1241.4 |
       Dungeon |  16113 |  15208 |    905 |   2902 |   8802 |  13 | 1239.5 |
        Temple |    188 |    168 |     20 |      0 |    164 |   1 |  188.0 |
          Lair |   9098 |   8616 |    482 |   2287 |   4715 |   6 | 1516.3 |
         Sewer |   1148 |   1148 |      0 |     94 |    894 |   1 | 1148.0 |
      Gauntlet |    762 |    762 |      0 |    338 |      0 |   1 |  762.0 |
               +--------+--------+--------+--------+--------+-----+--------+

Top non-repeatable levels by time:
     D:9: 2342 daAuts
  Lair:4: 2144 daAuts
     D:8: 1949 daAuts
  Lair:5: 1768 daAuts
     D:3: 1648 daAuts
    D:12: 1597 daAuts
  Lair:6: 1569 daAuts
  Lair:2: 1540 daAuts
  Lair:3: 1293 daAuts
     D:7: 1284 daAuts
     D:1: 1262 daAuts
     D:4: 1246 daAuts
     D:5: 1218 daAuts
   Sewer: 1148 daAuts
     D:2: 1113 daAuts
